 Dungeon Crawl Stone Soup version 0.28-a0-401-ge240ad9e29 (webtiles) character file.

Game seed: 8533331007133206753

3129 speeev33 the Cleaver (level 9, -4/85 HPs)
             Began as a Hill Orc Fighter on Sept 4, 2021.
             Was a Follower of Okawaru.
             Slain by an unseen horror (8 damage)
             ... on level 7 of the Dungeon.
             The game lasted 00:14:51 (9953 turns).

speeev33 the Cleaver (Hill Orc Fighter)             Turns: 9953, Time: 00:14:52

Health: -4/85      AC:  9    Str: 22    XL:     9   Next: 92%
Magic:  9/9        EV: 10    Int:  8    God:    Okawaru [*.....]
Gold:   260        SH: 10    Dex: 10    Spells: 8/8 levels left

rFire   . . .      SeeInvis .   a - +0 war axe
rCold   . . .      Faith    .   h - +0 kite shield
rNeg    . . .      Spirit   .   i - +0 chain mail
rPois   .          Reflect  .   (no helmet)
rElec   .          Harm     .   (no cloak)
rCorr   .          Rampage  .   (no gloves)
Will    +....                   (no boots)
Stlth   ..........              (no amulet)
HPRegen 0.24/turn               c - +4 ring of evasion
MPRegen 0.11/turn               b - ring of willpower

@: no status effects
A: no striking features
a: Renounce Religion, Heroism


You were on level 7 of the Dungeon.
You worshipped Okawaru.
Okawaru was aware of your devotion.
You visited 1 branch of the dungeon, and saw 7 of its levels.

You collected 260 gold pieces.

Inventory:

Hand Weapons
 a - a +0 war axe (weapon)
 w - a +2 flail
Missiles
 r - 16 boomerangs (quivered)
Armour
 h - a +0 kite shield (worn)
 i - a +0 chain mail (worn)
Jewellery
 b - a ring of willpower (right hand)
 c - a +4 ring of evasion (left hand)
 o - a ring of resist corrosion
Wands
 x - a wand of acid (2)
Scrolls
 f - 2 scrolls of magic mapping
 s - a scroll of teleportation {unknown}
 v - a scroll of fear
Potions
 d - a potion of invisibility {unknown}
 e - a potion of haste
 g - 2 potions of brilliance {unknown}
 j - a potion of ambrosia {unknown}
 k - a potion of mutation {unknown}
 l - 2 potions of flight {unknown}
 m - a potion of resistance {unknown}
 n - 2 potions of degeneration {unknown}
 p - a potion of heal wounds {unknown}
 q - 2 potions of attraction
 t - 4 potions of curing
 u - 2 potions of might


   Skills:
 + Level 10.0 Fighting
 + Level 10.4 Axes
 - Level 3.2 Armour
 + Level 9.2 Shields


You had 8 spell levels left.
You didn't know any spells.
Your spell library contained the following spells:

 Spells                   Type           Power      Damage    Failure   Level
 Beastly Appendage        Tmut           0%         N/A       100%        1
 Corona                   Hex            0%         N/A       100%        1
 Freeze                   Ice            0%         1d3       100%        1
 Slow                     Hex            0%         N/A       100%        2
 Static Discharge         Conj/Air       0%         N/A       100%        2
 Wereblood                Tmut           0%         N/A       100%        2
 Confusing Touch          Hex            0%         N/A       100%        3
 Frozen Ramparts          Ice            0%         1d2       100%        3
 Spider Form              Tmut/Pois      0%         N/A       100%        3
 Hailstorm                Conj/Ice       0%         3d3       100%        4
 Lightning Bolt           Conj/Air       0%         1d11      100%        5
 Yara's Violent Unravell  Hex/Tmut       0%         3d3       100%        5
 Maxwell's Capacitive Co  Air            0%         ∞         100%        8


Dungeon Overview and Level Annotations

Branches:
Dungeon (7/15)             Temple (0/1) D:5

Altars:
Okawaru
Sif Muna
Uskayaw
Wu Jian
Xom
Yredelemnul

Annotations:
D:3 exclusion: door


Message History

You block the sky beast's attack.
The sky beast hits you but does no damage.
You hit the sky beast but do no damage. You block something's attack.
The sky beast flickers out of sight!
Something hits you. Something shocks you.
You closely miss something. Something hits you!
Something hits you but does no damage.
You hit something. x2; Something hits you but does no damage.
Something hits you. Something shocks you.
You barely miss something. You slash something! Something hits you.
Something hits you but does no damage.
You hit something but do no damage. Something hits you.
Something hits you but does no damage.
You slash something! You miss something. Something hits you.
Something hits you but does no damage. Something hits you.
You miss something. You hit something.
Something hits you but does no damage. x2
The white imp shouts, "Run away, thou pox-marked earth-vexing whey-face!"
The white imp gestures at you.
The puff of frost hits something!
Something hits you!
* * * LOW HITPOINT WARNING * * *
You miss something. You hit something. Something hits you but does no damage.
Something hits you.
* * * LOW HITPOINT WARNING * * *
Something shocks you.
* * * LOW HITPOINT WARNING * * *
You completely miss something. You closely miss something.
Something hits you but does no damage. You block something's attack.
Something hits you but does no damage.
A sky beast appears from thin air!
Reactivating autopickup.
The sky beast closely misses you.
You barely miss the sky beast.
The sky beast is almost dead.
You barely miss something. Something hits you but does no damage.
Deactivating autopickup; reactivate with Ctrl-A.
Something hits you!
* * * LOW HITPOINT WARNING * * *
The sky beast misses you. Something hits you.
* * * LOW HITPOINT WARNING * * *
Something hits you!
You die...

#....##......#
#######............#
...................#
...................#
..............#######
......†.......##<)..+.......
..............##)####.......
....................+.......
.....####......#@.###.......
..##...........<..Y##.......
## #########+###...≈5.......
#.........#........
...........)....#
#...###.###........ ### #..
..!...... ####.........
...)..>...


You could see a sky beast and a white imp.

Vanquished Creatures
  Grinder (D:3)
  Prince Ribbit (D:6)
  A steam dragon (D:6)
  Menkaure (D:5)
  A water moccasin (D:7)
  An ice beast (D:7)
  2 sky beasts
  2 black bears
  A necrophage (D:6)
  An ogre (D:4)
  2 centaurs
  A phantom (D:5)
  Blork the orc (D:4)
  A bullfrog (D:7)
  4 scorpions
  A wyvern skeleton (D:6)
  9 wights
  A bullfrog zombie (D:5)
  2 hounds
  An orc priest (D:5)
  A gnoll shaman (D:5)
  2 bullfrog skeletons (D:5)
  3 iguanas
  Natasha (twice) (D:3)
  2 orc wizards (D:5)
  A howler monkey zombie (D:5)
  4 adders
  18 gnolls
  A white imp (D:6)
  3 worms (D:2)
  The ghost of CraigForest the Sneak, a weakling OpDe (D:5)
  26 orcs
  7 ball pythons
  11 endoplasms
  4 giant cockroaches
  14 goblins
  13 hobgoblins
  10 jackals
  A quokka (D:1)
  8 bats
  2 frilled lizards (D:1)
  19 kobolds
  3 rats
191 creatures vanquished.

Vanquished Creatures (others)
  2 fungi (D:2)
  4 plants
6 creatures vanquished.

Grand Total: 197 creatures vanquished

Notes
Turn   | Place    | Note
-------+----------+-------------------------------------------
     0 | D:1      | speeev33 the Hill Orc Fighter began the quest for the Orb.
     0 | D:1      | Reached XP level 1. HP: 19/19 MP: 1/1
   202 | D:1      | Reached XP level 2. HP: 27/27 MP: 2/2
   522 | D:1      | Reached XP level 3. HP: 32/33 MP: 3/3
  1067 | D:2      | Reached XP level 4. HP: 17/41 MP: 4/4
  1778 | D:2      | Reached XP level 5. HP: 16/47 MP: 5/5
  2021 | D:2      | Reached skill level 5 in Fighting
  2218 | D:2      | Found a faded altar of an unknown god.
  2226 | D:2      | Got Plato's Incunabulum of Bewitchment
  2971 | D:3      | Noticed Grinder
  3442 | D:3      | Noticed Natasha
  3447 | D:3      | Killed Natasha
  3448 | D:3      | Reached skill level 5 in Axes
  3448 | D:3      | Reached XP level 6. HP: 56/56 MP: 6/6
  3568 | D:3      | Paralysed by Grinder for 5 turns
  3577 | D:3      | Killed Grinder
  3578 | D:3      | Reached skill level 5 in Shields
  3844 | D:3      | Reached XP level 7. HP: 15/63 MP: 7/7
  4160 | D:3      | Noticed Natasha
  4168 | D:3      | Killed Natasha
  4309 | D:3      | Found a shimmering blue altar of Sif Muna.
  5359 | D:4      | Noticed Blork the orc
  5371 | D:4      | Killed Blork the orc
  5591 | D:4      | Reached XP level 8. HP: 73/73 MP: 8/8
  6346 | D:5      | Entered Level 5 of the Dungeon
  6362 | D:5      | Noticed Menkaure
  6375 | D:5      | Killed Menkaure
  6546 | D:5      | Found a basalt altar of Yredelemnul.
  6548 | D:5      | Found a shimmering altar of Xom.
  6549 | D:5      | Found an ornate altar of the Wu Jian Council.
  6555 | D:5      | Found an iron altar of Okawaru.
  6565 | D:5      | Found a hide-covered altar of Uskayaw.
  6575 | D:5      | Became a worshipper of Warmaster Okawaru
  6665 | D:5      | Found a staircase to the Ecumenical Temple.
  6669 | D:5      | You fall into a shaft and drop 1 floor!
  7194 | D:5      | Reached XP level 9. HP: 69/82 MP: 9/9
  7634 | D:5      | Found a runed translucent door.
  7864 | D:5      | Noticed CraigForest's ghost (weakling OpDe)
  7892 | D:5      | Killed CraigForest's ghost
  8056 | D:6      | Noticed Prince Ribbit
  8548 | D:6      | Reached * piety under Okawaru
  9122 | D:6      | Killed Prince Ribbit
  9763 | D:7      | Reached skill level 10 in Axes
  9851 | D:7      | Reached skill level 10 in Fighting
  9952 | D:7      | HP: 4/85 [something (4)]
  9953 | D:7      | Slain by an unseen horror

Illustrated notes

Levels and vault maps discovered:
D:1:      dpeg_arrival_simpleton_c, layout_loops_cross,
          minmay_stone_trees_medium, st_stairs_1
D:2:      layout_loops_corners, shapermc_ecumenical_altar_rom_forum,
          chequers_serial_rivers_micro_d, minmay_diced_spiral
D:3:      layout_rooms, led_sif_book, kennysheep_boxes, uniq_natasha,
          uniq_grinder
D:4:      corexii_shantytown, layout_gridville, minmay_distorted,
          uniq_blork_the_orc
D:5:      layout_basic, minmay_overflow_temple_star_hex,
          minmay_temple_entry_slanted, ebering_ghost_sewer_d, uniq_menkaure
D:6:      layout_loops_corners, uniq_prince_ribbit1
D:7:      layout_basic

Skill      XL: |  1  2  3  4  5  6  7  8  9 |
---------------+----------------------------+-----
Axes           | 3 4 5 7 8 10 | 10.4
Fighting       | 4 5 6 7 8 10 | 10.0
Shields        | 4 5 6 7 9 |  9.2
Armour         | |  3.2

Action                   |  1- 3 |  4- 6 |  7- 9 || total
-------------------------+-------+-------+-------++-------
Melee: War axe           |    91 |   152 |   445 ||   688
Throw: Throwing net      |       |     1 |       ||     1
  Use: Scroll            |     2 |     3 |     3 ||     8
       Potion            |       |     1 |     1 ||     2
Armor: Scale mail        |    59 |    26 |       ||    85
       Chain mail        |       |    69 |   178 ||   247
Dodge: Dodged            |    42 |    73 |   144 ||   259
Block: Buckler           |    18 |       |       ||    18
       Kite shield       |    13 |    90 |   246 ||   349

Table legend: (Time is in decaauts)
 A = Elapsed time spent in this place.
 B = Non-inter-level travel time spent in this place.
 C = Inter-level travel time spent in this place.
 D = Time resting spent in this place.
 E = Time spent auto-exploring this place.
 F = Levels seen in this place.
 G = Mean time per level.
                   A        B        C        D        E       F      G
               +--------+--------+--------+--------+--------+-----+--------+
         Total |  10179 |   9995 |    184 |   3753 |   3575 |   7 | 1454.1 |
       Dungeon |  10179 |   9995 |    184 |   3753 |   3575 |   7 | 1454.1 |
               +--------+--------+--------+--------+--------+-----+--------+

Top non-repeatable levels by time:
     D:6: 2118 daAuts
     D:2: 1838 daAuts
     D:4: 1648 daAuts
     D:1: 1517 daAuts
     D:3: 1510 daAuts
     D:5: 1333 daAuts
     D:7: 212 daAuts
